 Dungeon Sprint DCSS version 0.23.0-28-g6fe0f4d (webtiles) character file.

Game seed: 1541492388494550167

17628 Fang the Warrior (level 12, -1/135 HPs)
             Began as a Gargoyle Berserker on Feb 25, 2019.
             Was the Champion of Trog.
             Slain by a thorn hunter (6 damage)
             ... in the Dungeon (Sprint V: "Ziggurat Sprint").
             The game lasted 00:05:29 (2080 turns).

Fang the Warrior (Gargoyle Berserker)               Turns: 2080, Time: 00:05:29

Health: -1/135     AC: 34    Str: 43    XL:     12   Next: 50%
Magic:  12/12      EV: 13    Int: 11    God:    Trog [******]
Gold:   0          SH:  0    Dex:  9    Spells: 11/11 levels left

rFire    + . .     SeeInvis .   C - +8 hand axe of Youthful Indiscretion {freeze, Int+3}
rCold    + . .     Gourm    +   (no shield)
rNeg     + . .     Faith    .   j - +5 gold dragon scales
rPois    ∞         Spirit   .   (no helmet)
rElec    +         Reflect  .   (no cloak)
rCorr    .         Harm     .   (no gloves)
MR       .....     NoTele   +   (no boots)
Stlth    ..........             M - amulet of the gourmand
HPRegen  0.32/turn              D - +6 ring of strength
MPRegen  0.13/turn              E - +6 ring of strength

@: berserking, studying Unarmed Combat, very quick
A: negative energy resistance 1, electricity resistance, unbreathing,
petrification resistance, rot immunity, AC +8
a: Berserk, Trog's Hand, Brothers in Arms, Renounce Religion


You were in the Dungeon.
You worshipped Trog.
Trog was exalted by your worship.
You were not hungry.

You visited 1 branch

Inventory:

Hand Weapons
 k - a +5 executioner's axe
 C - the +8 hand axe of Youthful Indiscretion (weapon) {freeze, Int+3}
   (You found it in the Dungeon)

   It has been specially enchanted to freeze those struck by it, causing extra
   injury to most foes and up to half again as much damage against particularly
   susceptible opponents.
   It can also slow down cold-blooded creatures.
   It affects your intelligence (+3).
 F - a +6 hand axe of electrocution
 I - a +6 antimagic battleaxe
 O - a +4 battleaxe of chopping
Armour
 j - +5 gold dragon scales (worn)
 K - a +10 plate armour of ponderousness
Jewellery
 a - the brooch of Shielding {Reflect SH+8}
   (You found it in the Dungeon)

   [amulet of reflection]

   It shields you and reflects attacks.
   It affects your SH (+8).
 A - the amulet of Summer {Inacc rC+++ Str-3 Dex+5}
   (You found it in the Dungeon)

   [amulet of inaccuracy]

   It reduces the accuracy of all your attacks.
   It affects your strength (-3).
   It affects your dexterity (+5).
   It renders you almost immune to cold.
 B - an uncursed ring of positive energy
 D - a +6 ring of strength (left hand)
 E - a +6 ring of strength (right hand)
 H - an uncursed ring of protection from fire
 M - an amulet of the gourmand (around neck)
Wands
 w - a wand of disintegration (7)
 x - a wand of iceblast (7)
 y - a wand of acid (7)
Scrolls
 i - 4 scrolls of blinking
 l - 8 scrolls of fog
 m - a scroll of holy word
 n - 5 scrolls of identify
 o - 5 scrolls of remove curse
 p - 2 scrolls of fear
Potions
 d - 10 potions of curing
 e - 13 potions of heal wounds
 f - 6 potions of haste
 g - 7 potions of magic
 h - 3 potions of berserk rage
 q - 2 potions of brilliance
 r - 2 potions of invisibility
 s - 4 potions of resistance
 t - a potion of experience
 u - 6 potions of agility
 v - 5 potions of might
Books
 J - a manual of Unarmed Combat
Miscellaneous
 b - a lamp of fire
 G - a phial of floods
 L - 2 boxes of beasts
Comestibles
 c - 6 rations


   Skills:
 + Level 16.8 Fighting
 + Level 14.5 Axes
 + Level 16.7 Armour
 + Level 13.3 Dodging


You had 11 spell levels left.
You didn't know any spells.
Your spell library was empty.

Dungeon Overview and Level Annotations

Branches:
Dungeon (1/1)

Altars:
Ashenzari
Cheibriados
Dithmenos
Elyvilon
Fedhas
Gozag
Hepliaklqana
Kikubaaqudgha
Makhleb
Nemelex Xobeh
Okawaru
Qazlal
Ru
Sif Muna
Trog
Uskayaw
Vehumet
Wu Jian
Xom
Yredelemnul
Zin
The Shining One
Beogh
Jiyva
Lugonu

Annotations:
D exclusion: oklob plant


Innate Abilities, Weirdness & Mutations

You are resistant to torment.
Your stone body is resilient. (AC +8)
You are immune to poison.
You resist negative energy. (rN+)
You are resistant to electric shocks. (rElec)
You can survive without breathing.
You are immune to petrification.
You are immune to rotting.


Message History

The polar bear barely misses you. x2
The spriggan air mage waves its arms in wide circles.
The air twists around and strikes you! The thorn hunter barely misses you.
The thorn hunter hits you but does no damage.
The hornet stings you but does no damage.
The polar bear closely misses you.
The polar bear claws you but does no damage.
The polar bear closely misses you. The elephant misses you.
The elephant trunk-slaps you but does no damage.
There is a transporter landing site here.
Unknown command.
You closely miss the hornet. You hit the elephant. You freeze the elephant.
You slice the thorn hunter!! You freeze the thorn hunter!
You hit the polar bear but do no damage.
You slash the spriggan air mage! You freeze the spriggan air mage.
The hornet stings you but does no damage.
The spriggan air mage hits you but does no damage.
The thorn hunter hits you but does no damage.
The thorn hunter hits you.
You die...

▓..YP))} ▓...©....▓.
▓...........▓▓▓▓▓▓▓▓▓▓▓
▓...........▓...8©8...▓
▓...........▓....:)...▓
▓.......... ▓...|.....▓
▓.. .Yc..▓ ▓.........▓
▓.▓▓▓YY.▓▓ ▓.........▓
▓..▓)fhi.▓..▓...)))...▓
▓...iY@y....▓...).)...▓
▓▓▓▓▓▓▓▓▓▓▓▓▓.▓.÷...▓.▓
▓....8©8....▓....©....▓
▓...|.")))..▓▓▓▓▓▓▓▓▓▓▓
▓...))[)....▓...8©8...▓
▓...........▓..)|.:}..▓
▓...........▓...)[)...▓
▓...........▓.........▓
▓.....|.....▓.........▓


You could see 3 apis, a thorn hunter, an elephant (berserk), a satyr, a spriggan
berserker (berserk), a spriggan air mage, a polar bear (berserk) and a hornet.

Vanquished Creatures
  2 very ugly things (D)
  An ophan (D)
  A yaktaur captain (D)
  A spriggan air mage (D)
  A dancing weapon (D)
  An orc high priest (D)
  2 spriggan berserkers (D)
  2 soul eaters (D)
  A death drake (shapeshifter) (D)
  An orc knight (D)
  2 ugly things (D)
  A shining eye (D)
  3 deep elf magi (D)
  A wolf spider (D)
  2 toenail golems (D)
  A vault sentinel (D)
  A smoke demon (D)
  3 spiny frogs (D)
  A wind drake (shapeshifter) (D)
  A slime creature (D)
  A hornet (shapeshifter) (D)
  A hippogriff (D)
  2 redbacks (D)
  An air elemental (D)
  A tarantella (D)
  2 spriggans (D)
  7 fire elementals (D)
  A neqoxec (D)
  A swamp worm (shapeshifter) (D)
  A water moccasin (D)
  A floating eye (shapeshifter) (D)
  A porcupine (D)
  3 orc warriors (D)
  A black bear (D)
  2 wolves (D)
  2 scorpions (D)
  2 small abominations (D)
  A crimson imp (D)
  6 starcursed masses (D)
  5 quasits (D)
  An orc priest (D)
  An iron imp (D)
  An orc wizard (D)
  3 adders (D)
  A shadow imp (D)
  An ufetubus (D)
  2 adder zombies (D)
  2 orcs (D)
  A spectral bat (D)
  A ball python (D)
  A bat skeleton (D)
  A jackal (D)
  A jackal skeleton (D)
  A leopard gecko skeleton (D)
  A leopard gecko zombie (D)
  A quokka skeleton (D)
91 creatures vanquished.

Vanquished Creatures (collateral kills)
  An apocalypse crab (D)
  A large abomination (D)
  A snapping turtle (shapeshifter) (D)
  A small abomination (D)
  A starcursed mass (D)
  A shadow imp (D)
6 creatures vanquished.

Grand Total: 97 creatures vanquished

Notes
Turn   | Place    | Note
-------+----------+-------------------------------------------
     0 | D        | Found the +6 Majin-Bo {vamp, Archmagi MP+6 Int+6}
     0 | D        | Found the +7 great mace "Firestarter" {inner flame, rF++}
     0 | D        | Fang the Gargoyle Berserker began the quest for the Orb.
     0 | D        | Reached XP level 1. HP: 14/14 MP: 1/1
     3 | D        | Found a blossoming altar of Fedhas.
     4 | D        | Found a viscous altar of Jiyva.
     4 | D        | Found a hazy altar of Hepliaklqana.
     4 | D        | Found a transporter.
     4 | D        | Found an opulent altar of Gozag.
     4 | D        | Found an ancient bone altar of Kikubaaqudgha.
     4 | D        | Found a corrupted altar of Lugonu.
     8 | D        | Found a burning altar of Makhleb.
    12 | D        | Found a sacrificial altar of Ru.
    12 | D        | Found a deep blue altar of Sif Muna.
    12 | D        | Found a stormy altar of Qazlal.
    12 | D        | Found a bloodstained altar of Trog.
    12 | D        | Found an iron altar of Okawaru.
    12 | D        | Found a sparkling altar of Nemelex Xobeh.
    60 | D        | Entered arena 2.
    60 | D        | Noticed a toenail golem
    60 | D        | Noticed a toenail golem
    60 | D        | Found a transporter.
    69 | D        | Killed a toenail golem
    69 | D        | Reached skill level 5 in Dodging
    69 | D        | Reached XP level 2. HP: 9/25 MP: 2/2
    69 | D        | Reached XP level 3. HP: 10/29 MP: 3/3
    69 | D        | Reached XP level 4. HP: 12/35 MP: 4/4
    69 | D        | Reached XP level 5. HP: 14/39 MP: 5/5
    69 | D        | Reached XP level 6. HP: 16/44 MP: 6/6
    70 | D        | Killed a toenail golem
    70 | D        | Reached XP level 7. HP: 19/51 MP: 7/7
   489 | D        | Entered arena 3.
   489 | D        | Noticed a spriggan
   489 | D        | Noticed a spriggan
   489 | D        | Found a transporter.
   490 | D        | Found the brooch of Shielding {Reflect SH+8}
   492 | D        | Killed a spriggan
   492 | D        | Reached ** piety under Trog
   494 | D        | Killed a spriggan
   494 | D        | Reached skill level 10 in Fighting
   494 | D        | Reached XP level 8. HP: 57/57 MP: 8/8
   498 | D        | Reached skill level 10 in Armour
   545 | D        | Entered arena 4.
   545 | D        | Found a transporter.
   548 | D        | Reached *** piety under Trog
   577 | D        | Entered arena 5.
   577 | D        | Noticed an orc knight
   577 | D        | Noticed a slime creature
   577 | D        | Noticed a yaktaur captain
   577 | D        | Noticed a vault sentinel
   577 | D        | Found a transporter.
   583 | D        | Killed a slime creature
   586 | D        | Killed a yaktaur captain
   586 | D        | Reached **** piety under Trog
   586 | D        | Reached XP level 9. HP: 64/64 MP: 9/9
   590 | D        | Killed an orc knight
   590 | D        | Reached skill level 10 in Axes
   595 | D        | Killed a vault sentinel
   605 | D        | Got the amulet of Summer {Inacc rC+++ Str-3 Dex+5}
   680 | D        | Entered arena 6.
   680 | D        | Found a transporter.
   685 | D        | Reached ***** piety under Trog
   690 | D        | Reached XP level 10. HP: 27/72 MP: 10/10
   691 | D        | Received a gift from Trog
   885 | D        | Got the +10 scythe of Trog's Pride {antimagic, SInv}
   888 | D        | Entered arena 7.
   889 | D        | Found a transporter.
   904 | D        | Reached skill level 10 in Dodging
   913 | D        | Entered arena 8.
   913 | D        | Noticed a wolf spider
   914 | D        | Found the +8 glaive of the Guard {elec, +Rage AC+5 SInv}
   914 | D        | Found the +8 autumn katana {slice, Clar}
   914 | D        | Found a transporter.
   917 | D        | Received a gift from Trog
   943 | D        | Killed a wolf spider
  1183 | D        | Entered arena 9.
  1184 | D        | Found a transporter.
  1189 | D        | Received a gift from Trog
  1190 | D        | Reached ****** piety under Trog
  1253 | D        | Entered arena 10.
  1253 | D        | Noticed a spiny frog
  1253 | D        | Noticed a spiny frog
  1253 | D        | Noticed a spiny frog
  1254 | D        | Found a transporter.
  1260 | D        | Received a gift from Trog
  1261 | D        | Killed a spiny frog
  1261 | D        | Killed a spiny frog
  1265 | D        | Killed a spiny frog
  1395 | D        | Entered arena 11.
  1395 | D        | Noticed a +2 vampiric halberd
  1395 | D        | Noticed a deep elf mage
  1395 | D        | Noticed a deep elf mage
  1395 | D        | Noticed a deep elf mage
  1395 | D        | Noticed an orc high priest
  1396 | D        | Found a transporter.
  1402 | D        | Killed a deep elf mage
  1402 | D        | Received a gift from Trog
  1402 | D        | Reached XP level 11. HP: 80/80 MP: 11/11
  1403 | D        | Killed an orc high priest
  1412 | D        | Killed a deep elf mage
  1412 | D        | Received a gift from Trog
  1418 | D        | Killed a +2 vampiric halberd
  1429 | D        | Killed a deep elf mage
  1507 | D        | Got the +8 hand axe of Youthful Indiscretion {freeze,
                  | Int+3}
  1618 | D        | Entered arena 12.
  1618 | D        | Noticed a soul eater
  1619 | D        | Noticed a soul eater
  1623 | D        | Found a transporter.
  1626 | D        | Received a gift from Trog
  1627 | D        | Received a gift from Trog
  1642 | D        | Killed a soul eater
  1653 | D        | Killed a soul eater
  1653 | D        | Reached skill level 15 in Fighting
  1842 | D        | Entered arena 13.
  1842 | D        | Noticed a green very ugly thing
  1842 | D        | Noticed a green ugly thing
  1842 | D        | Noticed a cyan ugly thing
  1842 | D        | Noticed a brown very ugly thing
  1843 | D        | Noticed a shining eye
  1843 | D        | Noticed an anaconda
  1843 | D        | a merfolk changed into an anaconda
  1843 | D        | Noticed a fire crab
  1843 | D        | a redback changed into a fire crab
  1844 | D        | Found the +6 arbalest "Damnation" {damnation}
  1844 | D        | Found a transporter.
  1845 | D        | Noticed a glowing orange brain
  1845 | D        | a snapping turtle changed into a glowing orange brain
  1845 | D        | Noticed a swamp dragon
  1845 | D        | a fire crab changed into a swamp dragon
  1845 | D        | Noticed a shock serpent
  1845 | D        | a water nymph changed into a shock serpent
  1846 | D        | a glowing orange brain changed into a swamp worm
  1846 | D        | an anaconda changed into a water nymph
  1846 | D        | Noticed an anaconda
  1846 | D        | a shock serpent changed into an anaconda
  1847 | D        | an anaconda changed into a merfolk
  1851 | D        | Killed a green very ugly thing
  1851 | D        | Reached skill level 15 in Armour
  1853 | D        | Killed a green very ugly thing
  1854 | D        | Noticed a cyclops
  1854 | D        | a water nymph changed into a cyclops
  1854 | D        | Noticed a death drake
  1854 | D        | a swamp dragon changed into a death drake
  1856 | D        | Killed a shining eye
  1856 | D        | a cyclops changed into a hippogriff
  1857 | D        | Killed a death drake
  1858 | D        | Received a gift from Trog
  1861 | D        | Killed a red ugly thing
  1861 | D        | Reached XP level 12. HP: 88/88 MP: 12/12
  1916 | D        | Entered arena 14.
  1917 | D        | Noticed a starcursed mass
  1917 | D        | Noticed an ophan
  1922 | D        | Received a gift from Trog
  1929 | D        | Found a transporter.
  1930 | D        | Received a gift from Trog
  1934 | D        | Received a gift from Trog
  1939 | D        | Killed an ophan
  1940 | D        | Killed a starcursed mass
  2048 | D        | Entered arena 15.
  2058 | D        | Noticed a spriggan berserker
  2058 | D        | Noticed a spriggan berserker
  2058 | D        | Noticed a spriggan air mage
  2058 | D        | Noticed an apis
  2059 | D        | Noticed a thorn hunter
  2061 | D        | Noticed a spriggan berserker
  2062 | D        | Noticed an apis
  2064 | D        | Noticed a spriggan air mage
  2064 | D        | Noticed a satyr
  2066 | D        | Noticed a death yak
  2066 | D        | Noticed an apis
  2070 | D        | Killed a spriggan air mage
  2071 | D        | Killed a spriggan berserker
  2077 | D        | HP: 5/135 [spriggan berserker/+0 quarterstaff (7)]
  2078 | D        | Killed a spriggan berserker
  2078 | D        | Received a gift from Trog
  2080 | D        | Slain by a thorn hunter

Skill      XL: |  1  2  3  4  5  6  7  8  9 10 11 12 |
---------------+-------------------------------------+-----
Fighting       | 8 9 10 11 12 14 15 16 | 16.8
Axes           | 6 7 8 9 10 12 13 14 | 14.5
Armour         | 7 9 11 12 14 15 16 | 16.7
Dodging        | 5 6 7 8 9 11 12 13 | 13.3

Action                   |  1- 3 |  4- 6 |  7- 9 | 10-12 || total
-------------------------+-------+-------+-------+-------++-------
Melee: Executioner's axe |     8 |     1 |    42 |     1 ||    52
       Battleaxe         |       |       |       |    44 ||    44
       Hand axe          |       |       |       |   120 ||   120
Invok: Berserk           |     1 |       |     2 |     7 ||    10
       Brothers in Arms  |       |       |       |     4 ||     4
  Use: Potion            |       |       |       |     1 ||     1
  Eat: Chunk             |       |       |     2 |    24 ||    26
       Ration            |       |       |       |     2 ||     2
Armor: Gold dragon scale |     7 |     1 |    50 |   169 ||   227
Dodge: Dodged            |     4 |       |    37 |   131 ||   172
Block: Other             |       |       |    18 |    49 ||    67
       Reflection        |       |       |     1 |       ||     1
